 Dungeon Crawl Stone Soup version 0.22.1-2-g9c5b331 (webtiles) character file.

285 colophon the Sneak (level 6, 0/35 HPs)
             Began as a Kobold Enchanter on Dec 4, 2018.
             Was an Initiate of Okawaru.
             Killed by nerve-wracking pain
             ... invoked by an orc priest
              (7 damage)
             ... on level 4 of the Dungeon.
             The game lasted 00:20:52 (6064 turns).

colophon the Sneak (Kobold Enchanter)               Turns: 6064, Time: 00:20:53

Health: 0/35       AC:  2    Str:  5    XL:     6   Next: 55%
Magic:  0/9        EV: 17    Int: 17    God:    Okawaru [......]
Gold:   307        SH:  0    Dex: 17    Spells: 3/9 levels left

rFire    . . .     SeeInvis .   a - +1 dagger
rCold    . . .     Gourm    .   (shield restricted)
rNeg     . . .     Faith    .   b - +0 robe
rPois    .         Spirit   .   (no helmet)
rElec    .         Reflect  .   (no cloak)
rCorr    .         Harm     .   (no gloves)
MR       .....                  (no boots)
Stlth    +++.......             (no amulet)
HPRegen  0.11/turn              (no ring)
MPRegen  0.11/turn              (no ring)

@: no status effects
A: small, carnivore
a: Renounce Religion


You were on level 4 of the Dungeon.
You worshipped Okawaru.
Okawaru was noncommittal.
You were very full.

You visited 2 branches of the dungeon, and saw 5 of its levels.

You collected 307 gold pieces.

Inventory:

Hand Weapons
 a - a +1 dagger (weapon)
Missiles
 g - 52 bolts
Armour
 b - a +0 robe (worn)
 v - a +0 robe of positive energy
Jewellery
 p - an uncursed amulet of guardian spirit {unknown}
 t - a +3 ring of protection {unknown}
Wands
 k - a wand of polymorph (12)
Scrolls
 c - 5 scrolls of identify
 j - a scroll of fear {unknown}
 l - 5 scrolls of amnesia
 m - a scroll of fog {unknown}
 n - a scroll of enchant armour {unknown}
 q - a scroll of magic mapping {unknown}
 u - a scroll of blinking {unknown}
 y - a scroll of immolation {unknown}
Potions
 e - a potion of haste
 f - 2 potions of magic {unknown}
 i - a potion of might {unknown}
 o - a potion of brilliance {unknown}
 r - a potion of cancellation {unknown}
 s - a potion of ambrosia {unknown}
 w - a potion of degeneration {unknown}
Comestibles
 d - 8 rations
 x - 2 chunks of flesh


   Skills:
 - Level 2.0 Fighting
 + Level 3.6 Short Blades
 + Level 4.1 Dodging
 + Level 5.6 Stealth
 - Level 2.1 Spellcasting
 + Level 4.0 Hexes
 + Level 1.3 Ice Magic


You had 3 spell levels left.
You knew the following spells:

 Your Spells              Type           Power        Failure   Level  Hunger
a - Corona                Hex            ###....      3%          1    #......
b - Ensorcelled Hibernat  Hex/Ice        ##....       10%         2    ###....
c - Confuse               Hex            ###.....     11%         3    ###....

Your spell library contained the following spells:

 Spells                   Type           Power        Failure   Level  Hunger
 Tukima's Dance           Hex            ###.....     11%         3    ###....
 Dazzling Spray           Conj/Hex       #.....       26%         3    ###....


Dungeon Overview and Level Annotations

Branches:
Dungeon (4/15)             Temple (1/1) D:4

Altars:
Ashenzari
Fedhas
Nemelex Xobeh
Okawaru
Qazlal
Ru
Sif Muna
Wu Jian
Xom
The Shining One

Shops:
D:4 !

Annotations:
D:3 Sigmund


Innate Abilities, Weirdness & Mutations

You are small and have problems with some larger weapons.
You are carnivorous and can eat meat at any time.


Message History

You are lethally poisoned!
You feel better.
The orc priest stops glowing.
The orc priest closely misses you.
Casting: Corona (safe; 3% risk of failure)
Confirm with . or Enter, or press ? or * to list all spells.
Aiming: Corona (safe; 3% risk of failure)
Press: ? - help, Shift-Dir - straight line, f/p - orc priest
Aim: an orc priest, wielding a short sword of venom and wearing a leather The orc priest is outlined in light.
The orc priest invokes the aid of Beogh against you.
Pain shoots through your body!
* * * LOW HITPOINT WARNING * * *
You barely miss the orc priest.
The orc priest is almost dead.
The orc priest completely misses you.
You hit the orc priest but do no damage.
The orc priest is almost dead.
The orc priest calls down the wrath of Beogh upon you.
Pain shoots through your body!
You die...

.........#..........#
.#.##.#...###.#######
..........##..#
........#..#.##
..............##
...............#
.........#....)##
.......##..##..####
..##........##..@o.#
...........[...........#
.#####.####.#..........
#.####.####.#...∩.
#...##.# .##.... ###.#
.. .. .... #.# .## ...
#.# .# .. #.#


You could see an orc priest.

Vanquished Creatures
  A hound (D:3)
  3 orc wizards
  3 adders
  4 gnolls
  An ooze (D:3)
  2 worms (D:3)
  4 dart slugs
  A leopard gecko (D:1)
  5 orcs
  2 ball pythons
  6 giant cockroaches
  10 goblins
  10 hobgoblins
  4 jackals (D:1)
  11 kobolds
  3 quokkas
  5 bats
  11 frilled lizards
  7 rats
93 creatures vanquished.

Notes
Turn   | Place    | Note
-------+----------+-------------------------------------------
     0 | D:1      | colophon the Kobold Enchanter began the quest for the Orb.
     0 | D:1      | Reached XP level 1. HP: 10/10 MP: 3/3
   411 | D:1      | Reached XP level 2. HP: 16/16 MP: 5/5
   433 | D:1      | Learned a level 2 spell: Ensorcelled Hibernation
  1131 | D:1      | Reached XP level 3. HP: 20/20 MP: 1/6
  1148 | D:1      | Reached skill level 1 in Fighting
  2163 | D:2      | Reached XP level 4. HP: 25/25 MP: 7/7
  2168 | D:2      | Learned a level 3 spell: Confuse
  2794 | D:2      | Found a shimmering altar of Xom.
  2794 | D:2      | Found a faded altar of an unknown god.
  2799 | D:2      | Found a glowing golden altar of the Shining One.
  2801 | D:2      | Found a sparkling altar of Nemelex Xobeh.
  2802 | D:2      | Found an ornate altar of the Wu Jian Council.
  3783 | D:2      | Reached XP level 5. HP: 30/30 MP: 5/8
  3887 | D:3      | Reached skill level 5 in Stealth
  4335 | D:3      | Noticed Sigmund
  4445 | D:3      | Found a faded altar of an unknown god.
  5201 | D:3      | Reached XP level 6. HP: 33/35 MP: 1/9
  5559 | D:4      | Reached skill level 1 in Ice Magic
  5943 | D:4      | Found a staircase to the Ecumenical Temple.
  5952 | Temple   | Entered the Ecumenical Temple
  5963 | Temple   | Became a worshipper of Warmaster Okawaru
  6024 | D:4      | Found Jogurghe's Distillery.
  6064 | D:4      | Killed from afar by an orc priest

Skill      XL: |  1  2  3  4  5  6 |
---------------+-------------------+-----
Short Blades   | 2 3 |  3.6
Fighting       | 1 2 |  2.0
Dodging        | 3 4 |  4.1
Stealth        | 5 |  5.6
Ice Magic      | 1 |  1.3
Hexes          | 4 |  4.0
Spellcasting   | |  2.1

Action                   |  1- 3 |  4- 6 || total
-------------------------+-------+-------++-------
Melee: Dagger            |   104 |   171 ||   275
 Cast: Corona            |     4 |     4 ||     8
       Ensorcelled Hiber |    22 |    75 ||    97
  Use: Scroll            |     1 |     1 ||     2
       Potion            |       |     5 ||     5
 Stab: Sleeping          |    20 |    44 ||    64
  Eat: Chunk             |    13 |    18 ||    31
Armor: Robe              |    10 |    21 ||    31
Dodge: Dodged            |    72 |   141 ||   213
